SA
PHOENIX HOTSPUR U-21 @ CONNETQUOT CHIEFS
07/26/2023
 
TOP OF THE 1ST
Phoenix Hotspur U-21 batting - Pitching for Connetquot Chiefs : LHP Alejandro Ramos
Pitching: LHP Alejandro Ramos
Batting: LHB Sergio Rodríguez 0-0: Ball
1-0: Called Strike
1-1: Foul Ball, location: 2F
1-2: Ball
2-2: Ball
3-2: Base on Balls
Batting: LHB Luis Díaz 0-0: Ball
1-0: Called Strike
Sergio Rodríguez is caught stealing 2nd base
1-1: Ground out 3-6 (Groundball, 3L)
Batting: RHB Marc Meertens 0-0: Swinging Strike
0-1: Ball
1-1: Foul Ball, location: 2F
1-2: Ball
2-2: Fly out, F8 (Popup, 89S)
Top of the 1st over - 0 run(s), 0 hit(s), 0 error(s), 0 left on base; Phoenix 0 - Connetquot 0
BOTTOM OF THE 1ST
Connetquot Chiefs batting - Pitching for Phoenix Hotspur U-21 : RHP Santiago Alonza
Pitching: RHP Santiago Alonza
Batting: RHB Juan Salinas 0-0: SINGLE (Groundball, 4D)
Batting: RHB José Magana 0-0: Called Strike
0-1: SINGLE (Flyball, 78S)
Juan Salinas to second
Batting: RHB Arturo Morales 0-0: Ball
1-0: Called Strike
1-1: Foul Ball, location: 2F
1-2: Strikes out looking
Batting: LHB Félix Fernández 0-0: Ball
1-0: Ball
2-0: Ball
3-0: Base on Balls
Juan Salinas to third
José Magana to second
Batting: LHB SaQwan Hackett 0-0: Fly out, F7 (Flyball, 78M)
Runner from 3rd tags up, SCORES, no throw
Batting: RHB John Burton 0-0: Ball
1-0: Swinging Strike
1-1: Swinging Strike
1-2: Strikes out looking
Bottom of the 1st over - 1 run(s), 2 hit(s), 0 error(s), 2 left on base; Phoenix 0 - Connetquot 1
TOP OF THE 2ND
Phoenix Hotspur U-21 batting - Pitching for Connetquot Chiefs : LHP Alejandro Ramos
Batting: LHB Rafael Sánchez 0-0: Ball
1-0: Ground out 4-3 (Groundball, 4)
Batting: RHB José Sánchez 0-0: Ball
1-0: Ball
2-0: Ball
3-0: Called Strike
3-1: Swinging Strike
3-2: Strikes out swinging
Batting: RHB Carl Tucker 0-0: Fly out, F6 (Popup, 6D)
Top of the 2nd over - 0 run(s), 0 hit(s), 0 error(s), 0 left on base; Phoenix 0 - Connetquot 1
BOTTOM OF THE 2ND
Connetquot Chiefs batting - Pitching for Phoenix Hotspur U-21 : RHP Santiago Alonza
Batting: RHB Pablo Ledesma 0-0: Reached on error, E6 (Groundball, 6)
Batting: RHB Emanuel Bree 0-0: Ball
1-0: Swinging Strike
1-1: Reached on error, E4 (Groundball, 4)
Pablo Ledesma to second
Batting: RHB David Pérez 0-0: Called Strike
0-1: Foul Ball, location: 2F
0-2: Ball
1-2: Ball
2-2: Foul Ball, location: 2F
2-2: Ball
3-2: Foul Ball, location: 2F
3-2: Grounds into double play, U4-3 (Groundball, 4M)
Pablo Ledesma to third
Batting: RHB Juan Salinas 0-0: Fly out, F8 (Flyball, 8RM)
Bottom of the 2nd over - 0 run(s), 0 hit(s), 2 error(s), 1 left on base; Phoenix 0 - Connetquot 1
TOP OF THE 3RD
Phoenix Hotspur U-21 batting - Pitching for Connetquot Chiefs : LHP Alejandro Ramos
Batting: RHB Eric Conway 0-0: Ball
1-0: Ball
2-0: Called Strike
2-1: Foul Ball, location: 2F
2-2: Ball
3-2: Ground out 5-3 (Groundball, 56)
Batting: RHB Juan Rivera 0-0: Swinging Strike
0-1: Foul Ball, location: 2F
0-2: Ball
1-2: Foul Ball, location: 2F
1-2: Foul Ball, location: 2F
1-2: Ball
2-2: Strikes out looking
Pitching: RHP Raúl Gálvez
Batting: RHB Rubén Andrada 0-0: Ball
1-0: Ball
2-0: Ball
3-0: Called Strike
3-1: Foul Ball, location: 2F
3-2: Base on Balls
Batting: LHB Sergio Rodríguez 0-0: Ball
1-0: Foul Ball, location: 2F
1-1: Ball
2-1: Swinging Strike
2-2: Strikes out swinging
Top of the 3rd over - 0 run(s), 0 hit(s), 0 error(s), 1 left on base; Phoenix 0 - Connetquot 1
BOTTOM OF THE 3RD
Connetquot Chiefs batting - Pitching for Phoenix Hotspur U-21 : RHP Santiago Alonza
Batting: RHB José Magana 0-0: Ball
1-0: Called Strike
1-1: Ball
2-1: Ball
3-1: Called Strike
3-2: Foul Ball, location: 2F
3-2: Foul Ball, location: 2F
3-2: Base on Balls
Batting: RHB Arturo Morales 0-0: Ball
1-0: Ball
2-0: Foul Ball, location: 2F
2-1: Ball
3-1: Foul Ball, location: 2F
3-2: Base on Balls
José Magana to second
Batting: LHB Félix Fernández 0-0: Called Strike
0-1: Foul Ball, location: 2F
0-2: Fly out, F7 (Flyball, 7M)
Batting: LHB SaQwan Hackett 0-0: Ball
1-0: Called Strike
1-1: Called Strike
1-2: Ball
2-2: Ball
3-2: Foul Ball, location: 2F
3-2: Foul Ball, location: 2F
3-2: Foul Ball, location: 2F
3-2: SINGLE (Flyball, 78M)
José Magana to third
Arturo Morales to second
Batting: RHB John Burton 0-0: TRIPLE (Flyball, 89D)
José Magana scores
Arturo Morales scores
SaQwan Hackett scores
Batting: RHB Pablo Ledesma 0-0: Ground out 4-3 (Groundball, 34)
John Burton scores
Batting: RHB Emanuel Bree 0-0: Ball
1-0: Fly out, F2 (Popup, 2RF)
Bottom of the 3rd over - 4 run(s), 2 hit(s), 0 error(s), 0 left on base; Phoenix 0 - Connetquot 5
TOP OF THE 4TH
Phoenix Hotspur U-21 batting - Pitching for Connetquot Chiefs : RHP Raúl Gálvez
Batting: LHB Luis Díaz 0-0: Ball
1-0: Ball
2-0: Swinging Strike
2-1: Ball
3-1: Base on Balls
Batting: RHB Marc Meertens 0-0: Called Strike
0-1: SINGLE (Flyball, 8LS)
Luis Díaz to second
Batting: LHB Rafael Sánchez 0-0: Fly out, F7 (Popup, 6D)
Batting: RHB José Sánchez 0-0: Foul Ball, location: 2F
0-1: Ball
1-1: Swinging Strike
1-2: Foul Ball, location: 2F
1-2: Ball
2-2: Ball
3-2: Strikes out looking
Batting: RHB Carl Tucker 0-0: Swinging Strike
0-1: Swinging Strike
0-2: Strikes out swinging
Top of the 4th over - 0 run(s), 1 hit(s), 0 error(s), 2 left on base; Phoenix 0 - Connetquot 5
BOTTOM OF THE 4TH
Connetquot Chiefs batting - Pitching for Phoenix Hotspur U-21 : RHP Santiago Alonza
Batting: RHB David Pérez 0-0: Swinging Strike
0-1: Ground out 4-3 (Groundball, 4)
Batting: RHB Juan Salinas 0-0: Swinging Strike
0-1: Called Strike
0-2: Foul Ball, location: 2F
0-2: Ball
1-2: Foul Ball, location: 2F
1-2: Ball
2-2: Ball
3-2: Reached on error, E6 (Groundball, 6M)
Batting: RHB José Magana 0-0: Fly out, F7 (Flyball, 78M)
Batting: RHB Arturo Morales 0-0: Ball
1-0: SINGLE (Groundball, 5D)
Juan Salinas to second
Batting: LHB Félix Fernández 0-0: Ball
1-0: Fly out, F9 (Line Drive, 89XD)
Bottom of the 4th over - 0 run(s), 1 hit(s), 1 error(s), 2 left on base; Phoenix 0 - Connetquot 5
TOP OF THE 5TH
Phoenix Hotspur U-21 batting - Pitching for Connetquot Chiefs : RHP Raúl Gálvez
Batting: RHB Eric Conway 0-0: Ball
1-0: Swinging Strike
1-1: Ball
2-1: SINGLE (Line Drive, 78M)
Batting: RHB Juan Rivera 0-0: Swinging Strike
0-1: Ball
1-1: Foul Ball, location: 2F
1-2: SINGLE (Line Drive, 8LS)
Eric Conway to second
Batting: RHB Rubén Andrada 0-0: Ground out 4-3 (Groundball, 4MS)
Eric Conway to third
Juan Rivera to second
Batting: LHB Sergio Rodríguez 0-0: Ball
1-0: SINGLE (Flyball, 8RS)
Eric Conway scores
Juan Rivera to third
Runner from 3rd tries for Home, SAFE, throw made home
Sergio Rodríguez to second
Batting: LHB Luis Díaz 0-0: Ball
Sergio Rodríguez steals 3rd base
1-0: Ball
2-0: Swinging Strike
2-1: Ball
3-1: Base on Balls
Batting: RHB Marc Meertens 0-0: Ball
Wild Pitch!
Sergio Rodríguez scores
Luis Díaz to second
1-0: Called Strike
1-1: Ball
2-1: Foul Ball, location: 2F
2-2: Ball
3-2: Ground out 6-3 (Groundball, 6)
Pitching: RHP Vicente Escamilla
Batting: LHB Rafael Sánchez 0-0: Ground out U3 (Groundball, 3S)
Top of the 5th over - 3 run(s), 3 hit(s), 0 error(s), 1 left on base; Phoenix 3 - Connetquot 5
BOTTOM OF THE 5TH
Connetquot Chiefs batting - Pitching for Phoenix Hotspur U-21 : RHP Santiago Alonza
Batting: LHB SaQwan Hackett 0-0: Ground out 3-1 (Groundball, 34S)
Batting: RHB John Burton 0-0: Ball
1-0: Ball
2-0: Ground out 6-3 (Groundball, 6)
Batting: RHB Pablo Ledesma 0-0: SINGLE (Line Drive, 34D)
Batting: RHB Emanuel Bree 0-0: Ball
1-0: Called Strike
1-1: Ball
2-1: Fly out, F9 (Flyball, 9D)
Bottom of the 5th over - 0 run(s), 1 hit(s), 0 error(s), 1 left on base; Phoenix 3 - Connetquot 5
TOP OF THE 6TH
Phoenix Hotspur U-21 batting - Pitching for Connetquot Chiefs : RHP Vicente Escamilla
Batting: RHB José Sánchez 0-0: SINGLE (Line Drive, 56D)
Batting: RHB Carl Tucker 0-0: Ball
1-0: Bunted foul
1-1: Bunted foul
1-2: Ball
2-2: Ball
3-2: Strikes out swinging
Batting: RHB Eric Conway 0-0: Called Strike
0-1: Fly out, F9 (Line Drive, 9LD)
Batting: RHB Juan Rivera 0-0: Ball
1-0: Ball
2-0: Fly out, F8 (Flyball, 8RS)
Top of the 6th over - 0 run(s), 1 hit(s), 0 error(s), 1 left on base; Phoenix 3 - Connetquot 5
BOTTOM OF THE 6TH
Connetquot Chiefs batting - Pitching for Phoenix Hotspur U-21 : RHP Santiago Alonza
Batting: RHB David Pérez 0-0: SINGLE (Groundball, 3L)
Batting: RHB Juan Salinas 0-0: Reached on error, E1 (Groundball, 13)
David Pérez to second
Batting: RHB José Magana 0-0: Ball
David Pérez is caught stealing 3rd base
Juan Salinas to second
1-0: Called Strike
1-1: Swinging Strike
1-2: Ball
2-2: DOUBLE (Line Drive, 9LM)
Juan Salinas scores
Batting: RHB Arturo Morales 0-0: Called Strike
0-1: Ball
1-1: Foul Ball, location: 2F
1-2: Ball
2-2: Foul Ball, location: 2F
2-2: SINGLE (Groundball, 56D)
José Magana to third
Batting: LHB Félix Fernández 0-0: Ball
1-0: Ball
2-0: Ball
3-0: Called Strike
3-1: Fly out, F8 (Popup, 4MD)
Batting: LHB SaQwan Hackett 0-0: Called Strike
0-1: Ball
1-1: Ball
2-1: Called Strike
2-2: DOUBLE (Line Drive, 78XD)
José Magana scores
Arturo Morales to third
Runner from 3rd tries for Home, SAFE, no throw or cutoff
Pitching: RHP Ron Fountas
Batting: RHB John Burton 0-0: Ball
1-0: Called Strike
1-1: Swinging Strike
1-2: 2-RUN HOME RUN (Flyball, 78XD), Distance : 444 ft
Batting: RHB Pablo Ledesma 0-0: SINGLE (Line Drive, 9LM)
Batting: RHB Emanuel Bree 0-0: Called Strike
0-1: Ball
1-1: Ball
2-1: Foul Ball, location: 2F
2-2: Ground out 5-3 (Groundball, 6)
Bottom of the 6th over - 5 run(s), 6 hit(s), 1 error(s), 1 left on base; Phoenix 3 - Connetquot 10
TOP OF THE 7TH
Phoenix Hotspur U-21 batting - Pitching for Connetquot Chiefs : RHP Vicente Escamilla
Batting: RHB Rubén Andrada 0-0: Ground out 5-3 (Groundball, 56S)
Batting: LHB Sergio Rodríguez 0-0: Called Strike
0-1: Ball
1-1: Foul Ball, location: 2F
1-2: Ball
2-2: Foul Ball, location: 2F
2-2: Fly out, F2 (Popup, 25F)
Batting: LHB Luis Díaz 0-0: Called Strike
0-1: Ball
1-1: Ball
2-1: Foul Ball, location: 2F
2-2: Foul Ball, location: 2F
2-2: Foul Ball, location: 2F
2-2: Foul Ball, location: 2F
2-2: Ball
3-2: Foul Ball, location: 2F
3-2: SINGLE (Groundball, 5L)
Batting: RHB Marc Meertens 0-0: Ball
1-0: Ball
2-0: Ball
3-0: Called Strike
3-1: Foul Ball, location: 2F
3-2: Foul Ball, location: 2F
3-2: Base on Balls
Luis Díaz to second
Batting: LHB Rafael Sánchez 0-0: Called Strike
0-1: Fly out, F9 (Line Drive, 89M)
Top of the 7th over - 0 run(s), 1 hit(s), 0 error(s), 2 left on base; Phoenix 3 - Connetquot 10
BOTTOM OF THE 7TH
Connetquot Chiefs batting - Pitching for Phoenix Hotspur U-21 : RHP Ron Fountas
Batting: RHB David Pérez 0-0: Foul Ball, location: 2F
0-1: Called Strike
0-2: Foul Ball, location: 2F
0-2: Foul Ball, location: 2F
0-2: Hit by Pitch
Batting: RHB Juan Salinas 0-0: Sac Bunt - play at first, batter OUT! 3-4
David Pérez to second
Batting: RHB José Magana 0-0: Fly out, F7 (Line Drive, 78M)
Batting: RHB Arturo Morales 0-0: Ball
1-0: Called Strike
1-1: Foul Ball, location: 2F
1-2: Ball
2-2: Ball
3-2: Base on Balls
Batting: LHB Félix Fernández 0-0: Called Strike
0-1: Fielders Choice at 2nd, U4 (Groundball, 4M)
Bottom of the 7th over - 0 run(s), 0 hit(s), 0 error(s), 2 left on base; Phoenix 3 - Connetquot 10
TOP OF THE 8TH
Phoenix Hotspur U-21 batting - Pitching for Connetquot Chiefs : RHP Vicente Escamilla
Now at C: Tim Taylor
Now at 3B: Fernando Mendoza
Now in LF: Fred Burt
Batting: RHB José Sánchez 0-0: Fly out, F7 (Flyball, 7M)
Batting: RHB Carl Tucker 0-0: Ground out 3-1 (Groundball, 34S)
Batting: RHB Eric Conway 0-0: Foul Ball, location: 2F
0-1: Called Strike
0-2: Strikes out swinging
Top of the 8th over - 0 run(s), 0 hit(s), 0 error(s), 0 left on base; Phoenix 3 - Connetquot 10
BOTTOM OF THE 8TH
Connetquot Chiefs batting - Pitching for Phoenix Hotspur U-21 : RHP Ron Fountas
Batting: LHB SaQwan Hackett 0-0: SOLO HOME RUN (Flyball, 9D), Distance : 396 ft
Batting: RHB John Burton 0-0: SINGLE (Line Drive, 7LS)
Batting: RHB Pablo Ledesma 0-0: Ball
Throwing error on steal attempt, E2
John Burton to third
1-0: Fly out, F8 (Flyball, 8RM)
Runner from 3rd tags up, SCORES, no throw
Batting: RHB Emanuel Bree 0-0: Ball
1-0: Ball
2-0: Called Strike
2-1: Ball
3-1: Swinging Strike
3-2: Strikes out swinging
Batting: RHB David Pérez 0-0: Called Strike
0-1: Ball
1-1: Foul Ball, location: 2F
1-2: Foul Ball, location: 2F
1-2: Ball
2-2: Foul Ball, location: 2F
2-2: Ball
3-2: Foul Ball, location: 2F
3-2: Ground out 4-3 (Groundball, 4)
Bottom of the 8th over - 2 run(s), 2 hit(s), 1 error(s), 0 left on base; Phoenix 3 - Connetquot 12
TOP OF THE 9TH
Phoenix Hotspur U-21 batting - Pitching for Connetquot Chiefs : RHP Vicente Escamilla
Now in RF: Rúbem Corvo
Batting: RHB Juan Rivera 0-0: Ball
1-0: Ground out 5-3 (Groundball, 5S)
Batting: RHB Rubén Andrada 0-0: Ground out 4-3 (Groundball, 4M)
Batting: LHB Sergio Rodríguez 0-0: Called Strike
0-1: Ball
1-1: Foul Ball, location: 2F
1-2: Ball
2-2: Foul Ball, location: 2F
2-2: DOUBLE (Groundball, 3D)
Batting: LHB Luis Díaz 0-0: Ball
1-0: Foul Ball, location: 2F
1-1: Ball
2-1: Ball
3-1: Base on Balls
Batting: RHB Marc Meertens 0-0: Ball
1-0: Ball
2-0: Foul Ball, location: 2F
2-1: Ball
3-1: Base on Balls
Sergio Rodríguez to third
Luis Díaz to second
Batting: LHB Rafael Sánchez 0-0: DOUBLE (Line Drive, 7LS)
Sergio Rodríguez scores
Luis Díaz scores
Marc Meertens to third
Batting: RHB José Sánchez 0-0: Called Strike
0-1: Fly out, F6 (Popup, 6MD)
Top of the 9th over - 2 run(s), 2 hit(s), 0 error(s), 2 left on base; Phoenix 5 - Connetquot 12
This league is powered by Out of the Park Baseball, the baseball management simulation game for PC, Mac and Linux
Friday, July 8th, 2016 - OOTP Baseball 16.9 Build 39